Map: Central Protocol

Players

MorN - Winner!

  • Race: Terran Terran
  • League: Diamond

Enak

  • Race: Protoss Protoss
  • League: Master

VOD

Have the link to the VOD?

Description

Time

  • Played on: Nov. 17, 2015, 6:09 p.m.
  • Length: 9:59
Show
View Real Time Build Order
Export as new Build Order

MorN Terran - Winner!

Build Orders: Cyclone Opening, MMM Bio 

Get SALT Encoding   

  12  0:00  SCV  
  13  0:13  SCV  
  14  0:18  Supply Depot  
  14  0:25  SCV  
  15  0:39  SCV  
  15  0:41  Barracks  
  16  0:48  Refinery  
  16  0:51  SCV  
  17  1:04  SCV  
  18  1:20  SCV  
  19  1:30  Marine  
  19  1:32  Orbital Command  
  20  1:42  Command Center  
  20  1:52  Factory  
  20  1:56  Marine  
  20  2:00  SCV  
  23  2:16  Marine  
  23  2:18  Supply Depot  
  23  2:36  Factory Tech Lab, Barracks  
  23  2:39  Marine  
  23  2:40  SCV  
  25  2:52  SCV  
  25  2:55  Orbital Command  
  25  2:57  Cyclone  
  29  3:04  SCV, Marine  
  31  3:11  Bunker  
  31  3:16  SCV  
  31  3:19  Refinery  
  31  3:21  SCV  
  32  3:28  SCV  
  32  3:33  Engineering Bay  
  33  3:39  SCV  
  34  3:42  Stimpack, Marine x2  
  34  3:44  Factory Tech Lab  
  34  3:45  SCV  
  37  3:51  SCV  
  38  4:01  Missile Turret  
  38  4:02  Barracks  
  38  4:08  Barracks Reactor  
  39  4:10  SCV  
  39  4:15  Command Center  
  36  4:26  SCV  
  36  4:29  SCV  
  38  4:32  Starport  
  38  4:33  Factory Reactor  
  38  4:34  Refinery  
  38  4:38  SCV  
  38  4:41  Marauder  
  38  4:42  SCV  
  38  4:45  Terran Infantry Weapons Level 1  
  42  4:50  SCV  
  43  4:54  SCV  
  43  4:57  Supply Depot  
  43  4:59  Supply Depot  
  44  5:00  Combat Shields  
  44  5:02  Marine  
  44  5:03  SCV  
  46  5:18  Marine  
  46  5:19  SCV x2  
  46  5:21  Marine x3  
  49  5:22  Medivac  
  49  5:26  Refinery  
  54  5:29  Orbital Command  
  54  5:31  SCV x2  
  54  5:32  Medivac  
  58  5:36  Factory Reactor, Marine  
  58  5:39  Marine x2  
  58  5:40  Marauder  
  63  5:43  SCV  
  63  5:45  Supply Depot  
  63  5:47  Supply Depot  
  64  5:57  Concussive Shells, Marauder  
  64  5:59  SCV, Supply Depot  
  64  6:02  Marauder  
  64  6:03  Supply Depot  
  64  6:04  Medivac  
  71  6:14  Marine x2  
  71  6:15  SCV x2  
  71  6:16  SCV  
  76  6:19  Supply Depot, Marauder  
  76  6:24  Marauder  
  80  6:27  SCV  
  80  6:32  Marine  
  82  6:34  SCV  
  82  6:38  SCV, Barracks x2  
  84  6:40  Medivac x2  
  88  6:47  Marauder, Marine x2  
  92  6:57  Terran Infantry Armor Level 1  
  92  6:58  Supply Depot  
  92  7:00  Engineering Bay  
  92  7:05  Armory, Marine x2  
  92  7:06  Marauder  
  86  7:26  Marine x2  
  86  7:27  Marauder  
  86  7:28  Barracks Reactor, Barracks Tech Lab  
  87  7:31  Marauder  
  87  7:34  Widow Mine x2  
  93  7:44  Marine x2  
  94  7:46  Supply Depot x2  
  94  7:48  Marine, Marauder  
  98  7:52  Marine, Orbital Command  
  97  8:01  Marine x2  
  96  8:06  Marine x2  
  96  8:07  Marauder  
  96  8:09  Marauder  
  96  8:10  Marine  
  96  8:11  Medivac x2  
  100  8:19  Marine x2  
  99  8:27  Marine x2  
  99  8:28  Marauder, Marine  
  99  8:31  Widow Mine, Marauder  
  108  8:35  SCV x3  
  108  8:37  Marine x2  
  113  8:46  Marauder  
  113  8:47  SCV x3  
  118  8:49  Marine  
  118  8:50  Barracks x2  
  118  8:53  Barracks  
  119  8:55  Marine x2  
  119  8:56  Widow Mine, Marauder  
  119  8:57  Supply Depot  
  119  8:58  Marine  
  119  8:59  Marine, Widow Mine  
  129  9:07  Marine x2  
  114  9:17  Marauder  
  114  9:21  Marine x3  
  114  9:22  Marauder  
  121  9:27  Marine x2  
  122  9:34  SCV x2  
  122  9:35  Supply Depot  
  122  9:36  Supply Depot  
  122  9:37  Refinery x2  
  130  9:38  Marine  
  130  9:39  Supply Depot, Marine x2  
Show
View Real Time Build Order
Export as new Build Order

Enak Protoss 

Build Orders: 1 Gate Expand 

Get SALT Encoding   

  12  0:01  Probe (Chrono Boost)  
  13  0:12  Probe (Chrono Boost)  
  14  0:21  Pylon  
  14  0:23  Probe (Chrono Boost)  
  15  0:39  Probe (Chrono Boost)  
  15  0:41  Gateway  
  16  0:50  Probe (Chrono Boost)  
  17  1:00  Probe (Chrono Boost)  
  18  1:12  Nexus  
  18  1:15  Probe (Chrono Boost)  
  19  1:26  Probe (Chrono Boost)  
  19  1:28  Assimilator  
  20  1:35  Cybernetics Core  
  20  1:38  Probe (Chrono Boost)  
  21  1:46  Pylon  
  21  1:48  Probe (Chrono Boost)  
  21  1:52  Assimilator  
  22  1:59  Probe (Chrono Boost)  
  23  2:09  Probe (Chrono Boost)  
  24  2:19  Warp Gate  
  24  2:20  Probe (Chrono Boost)  
  25  2:23  Adept (Chrono Boost)  
  25  2:24  Probe  
  28  2:31  Probe  
  28  2:34  Probe  
  30  2:41  Pylon  
  31  2:46  Probe (Chrono Boost)  
  31  2:48  Mothership Core (Chrono Boost)  
  33  2:57  Probe (Chrono Boost)  
  34  3:01  Pylon  
  34  3:07  Twilight Council, Probe (Chrono Boost)  
  34  3:08  Probe (Chrono Boost)  
  36  3:18  Probe x2 (Chrono Boost)  
  38  3:25  Stalker  
  40  3:28  Probe (Chrono Boost)  
  40  3:29  Probe (Chrono Boost)  
  40  3:30  Robotics Facility  
  42  3:35  Assimilator  
  42  3:38  Assimilator  
  42  3:39  Probe (Chrono Boost)  
  42  3:41  Probe (Chrono Boost)  
  44  3:49  Probe (Chrono Boost)  
  44  3:51  Probe (Chrono Boost)  
  44  4:03  Probe (Chrono Boost)  
  46  4:10  Probe (Chrono Boost)  
  46  4:11  Stalker  
  46  4:12  Blink (Chrono Boost)  
  46  4:14  Probe (Chrono Boost)  
  49  4:17  Gateway  
  49  4:18  Gateway, Probe (Chrono Boost)  
  49  4:20  Observer (Chrono Boost)  
  51  4:25  Probe  
  51  4:28  Pylon  
  51  4:29  Probe  
  53  4:35  Pylon  
  53  4:37  Probe  
  54  4:41  Observer (Chrono Boost)  
  55  4:54  Robotics Bay  
  55  4:58  Probe  
  56  5:02  Observer  
  56  5:06  Stalker, Nexus  
  59  5:14  Forge  
  59  5:15  Pylon  
  59  5:17  Probe  
  59  5:19  Probe  
  61  5:28  Stalker x2  
  61  5:29  Pylon  
  61  5:30  Stalker  
  61  5:35  Warp Prism (Chrono Boost)  
  67  5:42  Pylon  
  69  5:44  Pylon  
  69  5:50  Probe  
  69  5:51  Probe  
  69  5:53  Protoss Ground Armor Level 1 (Chrono Boost)  
  71  6:01  Pylon  
  71  6:04  Probe x2, Disruptor  
  76  6:18  Stalker x3  
  82  6:23  Gateway x2  
  81  6:41  Probe x2, Disruptor  
  86  6:48  Stalker  
  86  6:49  Stalker x2, Probe  
  86  6:53  Probe  
  89  7:16  Stalker  
  89  7:17  Stalker x2  
  95  7:28  Probe  
  95  7:29  Probe  
  93  7:30  Probe  
  93  7:36  Gateway, Disruptor  
  94  7:37  Gateway  
  94  7:39  Gateway  
  94  7:43  Stalker x3  
  94  7:44  Stalker x2  
  105  8:03  Probe x2  
  97  8:10  Stalker x3  
  97  8:11  Stalker x2  
  89  8:14  Colossus  
  87  8:24  Probe  
  94  8:28  Photon Cannon  
  94  8:31  Gateway  
  94  8:33  Gateway  
  94  8:36  Stalker, Gateway  
  94  8:37  Stalker x3  
  94  8:38  Stalker  
  94  8:41  Mothership Core, Probe, Pylon  
  106  8:42  Probe  
  106  8:43  Pylon  
  106  8:44  Assimilator  
  108  8:49  Assimilator  
  108  8:57  Photon Cannon  
  92  9:16  Zealot  
  84  9:20  Stalker  
  84  9:21  Stalker x5  
  84  9:22  Stalker  
  98  9:35  Stalker x3  
  98  9:36  Stalker  
  105  9:46  Stalker x3  
  105  9:47  Stalker x2  
Tags
 
Add a new tag
Caveats
  • Supply blocks, unpowered buildings, or Contaminate may cause inaccurate times.
  • Supply counts are checked every 10 seconds.